 Dungeon Crawl Stone Soup version 0.31-a0-4-gefa6de2278 (webtiles) character file.

Game seed: 1321650049236199518

213 Pimp the Conjurer (level 5, -2/38 HPs)
             Began as a Draconian Conjurer on May 5, 2023.
             Slain by a gnoll
             ... wielding a +0 halberd of venom
              (11 damage)
             ... on level 3 of the Dungeon.
             The game lasted 00:06:33 (2983 turns).

Pimp the Conjurer (Draconian Conjurer)              Turns: 2983, Time: 00:06:44

Health: -2/38      AC:  5    Str:  9    XL:     5   Next: 59%
Magic:  6/9        EV: 13    Int: 20    God:
Gold:   188        SH:  0    Dex: 16    Spells: 4/9 levels left

rFire   . . .        j - staff of conjuration
rCold   . . .        (no shield)
rNeg    . . .        (body armour unavailable)
rPois   .            (helmet restricted)
rElec   .            (no cloak)
rCorr   .            (no gloves)
SInv    .            (no boots)
Will    .....        d - amulet of faith
Stlth   ++           e - +6 ring of dexterity
HPRegen 0.26/turn    (no ring)
MPRegen 0.11/turn

%: faith
@: lethally poisoned (-2 -> -13)
A: AC +5, unfitting armour, cold-blooded
a: no special abilities


You were on level 3 of the Dungeon.
You visited 1 branch of the dungeon, and saw 3 of its levels.

You collected 188 gold pieces.

Inventory:

Magical Staves
 b - a staff of cold
 j - a staff of conjuration (weapon)
Jewellery
 d - an amulet of faith (around neck)
 e - a +6 ring of dexterity (left hand)
Scrolls
 a - a scroll of identify
 c - 5 scrolls of teleportation
 g - 2 scrolls of immolation
 i - 2 scrolls of enchant armour
Potions
 f - a potion of curing {unknown}


   Skills:
 + Level 2.8 Dodging
 - Level 2.2 Stealth
 + Level 2.9 Spellcasting
 + Level 4.7 Conjurations
 + Level 2.1 Ice Magic
 + Level 1.7 Poison Magic


You had 4 spell levels left.
You knew the following spells:

 Your Spells              Type           Power      Damage    Failure   Level
a - Magic Dart            Conj           100%       1d8       1%          1
b - Searing Ray           Conj           66%        2d6       3%          2
c - Poisonous Vapours     Pois/Air       12%        N/A       16%         2

Your spell library contained the following spells:

 Spells                   Type           Power      Damage    Failure   Level
 Sting                    Tmut/Pois      24%        1d4       10%         1
 Dazzling Flash           Conj/Hex       36%        N/A       16%         3
 Mephitic Cloud           Conj/Pois/Air  17%        N/A       19%         3
 Fulminant Prism          Conj/Hex       9%         3d7       47%         4
 Iskenderun's Mystic Bla  Conj/Tloc      18%        2d6       47%         4
 Olgreb's Toxic Radiance  Pois           9%         N/A       56%         4
 Freezing Cloud           Conj/Ice/Air   9%         6-21      83%         5


Dungeon Overview and Level Annotations

Branches:
Dungeon (3/15)

Altars:
Gozag
Nemelex Xobeh

Annotations:
D:2 1 runed translucent door, Crazy Yiuf


Innate Abilities, Weirdness & Mutations

Your plain brown scales are hard. (AC +5)
You cannot fit into any form of body armour.
You are cold-blooded and may be slowed by cold attacks.


Message History

You closely miss the hobgoblin. The hobgoblin barely misses you.
The hobgoblin hits you but does no damage.
You closely miss the hobgoblin. The hobgoblin hits you.
Casting: Searing Ray (safe; 3% risk of failure)
Confirm with . or Enter, or press ? or * to list all spells.
Aiming: Searing Ray (safe; 3% risk of failure)
Press: ? - help, Shift-Dir - straight line, f - hobgoblin
Aim: a hobgoblin (81% to hit)
You feel a surge of power!
The searing ray hits the hobgoblin.
You kill the hobgoblin! (Press . to maintain the ray.) Magic restored.
a - a scroll of identify
f - a golden potion 3 gnolls come into view.
A gnoll is wielding a +0 halberd of venom.
The gnoll shouts! x3
The gnoll hits you with a +0 halberd of venom!
You are poisoned.
Casting: Searing Ray (safe; 3% risk of failure)
Confirm with . or Enter, or press ? or * to list all spells.
Aiming: Searing Ray (safe; 3% risk of failure)
Press: ? - help, Shift-Dir - straight line, f - gnoll
Aim: a gnoll, wielding a +0 halberd of venom (83% to hit)
You feel a surge of power!
The searing ray hits the gnoll.
The gnoll is lightly wounded.
The searing ray hits the gnoll.
The gnoll is heavily wounded.
The searing ray misses the gnoll. (Press . to maintain the ray.)
You feel very sick.
The gnoll hits you with a +0 halberd of venom!
* * * LOW HITPOINT WARNING * * *
The searing ray misses the gnoll.
The searing ray hits the gnoll.
The gnoll is heavily wounded.
The searing ray misses the gnoll.
* * * LOW HITPOINT WARNING * * *
You feel very sick.
The gnoll hits you with a +0 halberd of venom!
You die...

......# #.......# #..............
.....## #.......# ##############.
...### #.......# ## ...#
##.###### # ...# #.# # ...#
#.###################### ...#
#.#....)................ ...#
#.#.###########.........
...#######.#.#..@ggg# #.........
...........#.##.###.# #.........
############.#....# ####>#.... .#
#.#..#.# #.#.###
.###########.#..#.# #.#....
........<....#..#.. #.#....
###############.###########.#####
#................................
#....##########.#################


You could see 3 gnolls.

Vanquished Creatures
  An ogre (D:2)
  Natasha (thrice) (D:3)
  2 adders
  A dart slug (D:1)
  A ball python (D:2)
  5 bats
  5 endoplasms
  A giant cockroach (D:2)
  A goblin (D:2)
  3 hobgoblins
  3 jackals (D:1)
  4 quokkas
  A frilled lizard (D:2)
  6 kobolds
  A rat (D:3)
38 creatures vanquished.

Notes
Turn   | Place    | Note
-------+----------+-------------------------------------------
     0 | D:1      | Pimp the Draconian Conjurer began the quest for the Orb.
     0 | D:1      | Reached XP level 1. HP: 14/14 MP: 3/3
   432 | D:1      | Reached XP level 2. HP: 14/20 MP: 1/5
   761 | D:1      | Learned a level 2 spell: Searing Ray
  1109 | D:2      | Reached skill level 1 in Ice Magic
  1109 | D:2      | Reached XP level 3. HP: 26/26 MP: 2/6
  1348 | D:2      | Noticed an ogre
  1359 | D:2      | Learned a level 2 spell: Poisonous Vapours
  1382 | D:2      | Killed an ogre
  1383 | D:2      | Reached skill level 1 in Poison Magic
  1383 | D:2      | Reached XP level 4. HP: 33/33 MP: 0/8
  1673 | D:2      | Found a faded altar of an unknown god.
  1934 | D:2      | Found a runed translucent door.
  1935 | D:2      | Noticed Crazy Yiuf
  1992 | D:3      | Noticed Natasha
  1997 | D:3      | Killed Natasha
  1998 | D:3      | Reached XP level 5. HP: 38/38 MP: 4/9
  2055 | D:3      | Noticed Natasha
  2060 | D:3      | Killed Natasha
  2518 | D:3      | Noticed Natasha
  2520 | D:3      | Found a sparkling altar of Nemelex Xobeh.
  2521 | D:3      | Found an opulent altar of Gozag.
  2535 | D:3      | Killed Natasha
  2983 | D:3      | Slain by a gnoll

Illustrated notes

Levels and vault maps discovered:
D:1:      lightli_arrival_chessboard, layout_basic
D:2:      layout_loops_ring, chequers_ecumenical_altar_lobes,
          minmay_tromino_v4_b, uniq_crazy_yiuf_cottage
D:3:      layout_basic, grunt_temple_overflow_opulence, st_stairs_9,
          uniq_natasha

Skill      XL: |  1  2  3  4  5 |
---------------+----------------+-----
Stealth        | 2 |  2.2
Dodging        | 2 |  2.8
Ice Magic      | 1 2 |  2.1
Poison Magic   | 1 |  1.7
Spellcasting   | |  2.9
Conjurations   | |  4.7

Action                     |  1- 3 |  4- 6 || total
---------------------------+-------+-------++-------
  Melee: Staff             |    17 |    20 ||    37
         Tailslap          |     3 |       ||     3
   Cast: Magic Dart        |    28 |       ||    28
         Searing Ray       |     9 |     9 ||    18
         Poisonous Vapours |     2 |       ||     2
    Use: Scroll            |     2 |     5 ||     7
         Potion            |     1 |     1 ||     2
   Stab: Sleeping          |     3 |     1 ||     4
 Armour: Skin              |    12 |    15 ||    27
  Dodge: Dodged            |    26 |    28 ||    54

Table legend: (Time is in decaauts)
 A = Elapsed time spent in this place.
 B = Non-inter-level travel time spent in this place.
 C = Inter-level travel time spent in this place.
 D = Time resting spent in this place.
 E = Time spent auto-exploring this place.
 F = Levels seen in this place.
 G = Mean time per level.
                   A        B        C        D        E       F      G
               +--------+--------+--------+--------+--------+-----+--------+
         Total |   2998 |   2998 |      0 |    629 |   1878 |   3 |  999.3 |
       Dungeon |   2998 |   2998 |      0 |    629 |   1878 |   3 |  999.3 |
               +--------+--------+--------+--------+--------+-----+--------+

Top non-repeatable levels by time:
     D:3: 1043 daAuts
     D:2: 1007 daAuts
     D:1: 947 daAuts
